 Dungeon Crawl Stone Soup version 0.29.0-10-g45618ea6d2 (webtiles) character file.

Game seed: 16330308345394649580

6615 Arum the Fighter (level 11, -7/93 HPs)
             Began as a Formicid Fighter on Sept 1, 2022.
             Was an Elder of Qazlal.
             Mangled by an eight-headed hydra (8 damage)
             ... on level 9 of the Dungeon.
             The game lasted 00:10:39 (9676 turns).

Arum the Fighter (Formicid Fighter)                 Turns: 9676, Time: 00:10:40

Health: -7/93      AC: 16    Str: 24    XL:     11   Next: 22%
Magic:  11/11      EV:  9    Int:  9    God:    Qazlal [****..]
Gold:   195        SH: 10    Dex: 13    Spells: 10/10 levels left

rFire   . . .      SeeInvis +   p - +5 battleaxe
rCold   + . .      Faith    .   c - +0 buckler
rNeg    + . .      Spirit   .   E - +1 scale mail {rC+}
rPois   +          Reflect  .   (helmet unavailable)
rElec   .          Harm     .   w - +2 cloak
rCorr   .          Rampage  .   q - +2 pair of gloves
Will    +....                   D - +2 pair of boots
Stlth   ..........              (no amulet)
HPRegen 0.25/turn               i - ring of poison resistance
MPRegen 0.12/turn               r - ring of positive energy

@: corroded, repel missiles
A: permanent stasis, dig shafts and tunnels, antennae 3, four strong arms
a: Dig, Shaft Self, Renounce Religion, Upheaval, Elemental Force


You were on level 9 of the Dungeon.
You worshipped Qazlal.
Qazlal was greatly pleased with you.
You visited 1 branch of the dungeon, and saw 9 of its levels.

You collected 453 gold pieces.
You spent 258 gold pieces at shops.

Inventory:

Hand Weapons
 a - a +0 war axe
 p - a +5 battleaxe (weapon)
 y - a +2 vorpal hand axe
Armour
 c - a +0 buckler (worn)
 q - a +2 pair of gloves (worn)
 v - a +0 plate armour
 w - a +2 cloak (worn)
 D - a +2 pair of boots (worn)
 E - a +1 scale mail of cold resistance (worn)
Jewellery
 e - a ring of protection from fire
 i - a ring of poison resistance (left hand)
 r - a ring of positive energy (right hand)
 C - a ring of resist corrosion
Scrolls
 h - 5 scrolls of enchant armour
 j - a scroll of fog
 n - 2 scrolls of magic mapping
 t - 3 scrolls of immolation
 u - a scroll of enchant weapon
Potions
 b - a potion of cancellation
 d - a potion of might
 f - 4 potions of curing
 g - 4 potions of flight
 k - a potion of attraction {unknown}
 l - a potion of ambrosia {unknown}
 m - a potion of resistance
 s - a potion of lignification {unknown}
 z - 2 potions of brilliance
 A - a potion of mutation
 B - 4 potions of heal wounds


   Skills:
 + Level 11.0 Fighting
 + Level 9.8 Axes
 + Level 10.9 Armour
 - Level 4.0 Shields


You had 10 spell levels left.
You didn't know any spells.
Your spell library contained the following spells:

 Spells                   Type           Power      Damage    Failure   Level
 Necrotise                Necr           0%         1d4       71%         1
 Sublimation of Blood     Necr           0%         N/A       83%         2
 Call Canine Familiar     Summ           0%         N/A       97%         3
 Dazzling Flash           Conj/Hex       0%         N/A       97%         3
 Portal Projectile        Hex/Tloc       0%         N/A       97%         3
 Tukima's Dance           Hex            0%         N/A       97%         3
 Vampiric Draining        Necr           0%         2d6       97%         3
 Leda's Liquefaction      Hex/Erth       0%         N/A       100%        4
 Petrify                  Tmut/Erth      0%         N/A       100%        4
 Agony                    Necr           0%         N/A       100%        5
 Blade Hands              Tmut           0%         N/A       100%        5
 Irradiate                Conj/Tmut      0%         3d11      100%        5
 Silence                  Hex/Air        0%         N/A       100%        5


Dungeon Overview and Level Annotations

Branches:
Dungeon (9/15)             Temple (0/1) D:6            Lair (0/5) D:8
    Orc: D:9-12

Altars:
Dithmenos
Elyvilon
Makhleb
Nemelex Xobeh
Okawaru
Qazlal
Trog
Vehumet
Xom
Zin

Shops:
D:2 (   D:6 !

Annotations:
D:5 3 runed translucent doors, zkyp's ghost, novice OgCA


Innate Abilities, Weirdness & Mutations

You cannot be hasted, slowed, berserked, paralysed or teleported.
You can dig through walls and to a lower floor.
You have a pair of large antennae on your head. (SInv)
Your four strong arms can wield two-handed weapons with a shield.


Message History

The eight-headed hydra bites you!
* * * LOW HITPOINT WARNING * * *
The eight-headed hydra bites you but does no damage.
The eight-headed hydra bites you.
* * * LOW HITPOINT WARNING * * *
The eight-headed hydra bites you!
* * * LOW HITPOINT WARNING * * *
The eight-headed hydra barely misses you.
The eight-headed hydra bites you but does no damage.
Unknown command.
Unknown command.
Unknown command.
Unknown command.
Unknown command.
Unknown command.
Unknown command.
Unknown command.
Unknown command.
Unknown command.
Unknown command.
Unknown command.
Unknown command.
Unknown command.
Unknown command.
Unknown command.
Unknown command.
Unknown command.
Unknown command.
Unknown command.
Unknown command.
Unknown command.
Unknown command.
Unknown command.
Unknown command.
Unknown command.
As you read the scroll of summoning, it crumbles to dust.
Wisps of shadow whirl around you...
The brown ugly thing closely misses you.
The eight-headed hydra bites you!
You die...

..).......+...#.## {{{ #...#
_.........#.....# { { ##....
.....##..####..## # #.....
..#..##..####..# u. ##.....
.##..##....#..## ##. #......
#######....#..# .$# ##......
#.....#.### {.. #.......
#.......#l###c###C.##..#....
#......##KK@DuT....#...#....
#######'##..#.KKu##....##...#####
......#....##KK##K# #.#.........
....#......#[#K.#.# ##.........
.)..#.....##.#..##. #..#.......
.)..#.....#.###..#.# ##.##.......
.)..#....##.# ..##. #..########.
....#....#.## #.. .##......... .
....#...##.# [#..# #..........


You could see an eight-headed hydra, 3 ugly things, a centaur warrior, a
cyclops, a troll, a friendly wyvern (summoned), a friendly kobold brigand
(summoned) and 7 friendly kobolds.

Vanquished Creatures
  A two-headed ogre (D:9)
  An ugly thing (D:9)
  3 komodo dragons (D:8)
  A wraith (D:9)
  A shadow (D:9)
  4 wyverns
  4 yaks (D:9)
  A basilisk (D:8)
  2 steam dragons
  Edmund (D:6)
  A water moccasin (D:8)
  A black bear (D:6)
  A sky beast (D:7)
  4 orc warriors
  2 ice beasts
  A centaur (D:8)
  2 ogres
  A phantom (D:5)
  2 kobold brigands
  2 bullfrogs
  2 necrophages
  2 gnoll sergeants (D:9)
  4 scorpions
  6 wights
  A killer bee (D:9)
  A gnoll bouda (D:5)
  3 orc priests
  2 jellies (D:6)
  2 iguanas
  4 orc wizards
  Ijyb (D:3)
  11 gnolls
  12 adders
  A shadow imp (D:6)
  3 worms
  3 dart slugs
  18 orcs
  3 bats
  7 endoplasms
  A giant cockroach (D:3)
  6 goblins
  12 hobgoblins
  17 kobolds
  8 quokkas
  6 ball pythons
  4 frilled lizards
  6 rats
182 creatures vanquished.

Vanquished Creatures (others)
  4 plants (D:6)
4 creatures vanquished.

Grand Total: 186 creatures vanquished

Notes
Turn   | Place    | Note
-------+----------+-------------------------------------------
     0 | D:1      | Arum the Formicid Fighter began the quest for the Orb.
     0 | D:1      | Reached XP level 1. HP: 18/18 MP: 1/1
   240 | D:1      | Reached XP level 2. HP: 24/24 MP: 2/2
   286 | D:1      | Found a faded altar of an unknown god.
   358 | D:1      | Prayed at the altar of an unknown god.
   358 | D:1      | Became a worshipper of Qazlal Stormbringer
   358 | D:1      | Reached * piety under Qazlal
   680 | D:2      | Found Ciacrera's Weapon Boutique.
   717 | D:2      | Reached XP level 3. HP: 30/30 MP: 3/3
   880 | D:2      | Reached skill level 4 in Fighting
   880 | D:2      | Reached XP level 4. HP: 37/37 MP: 4/4
   969 | D:2      | You fall into a shaft and drop 2 floors!
   969 | D:4      | Found a stormy altar of Qazlal.
   987 | D:4      | Reached ** piety under Qazlal
  1084 | D:4      | Found a shimmering altar of Xom.
  1090 | D:4      | Noticed an ogre
  1094 | D:4      | Killed an ogre
  1095 | D:4      | Reached XP level 5. HP: 43/43 MP: 5/5
  1191 | D:4      | Found the +3 robe of Clouds {*Thunder rCloud rElec}
  1419 | D:3      | Reached XP level 6. HP: 41/50 MP: 6/6
  1926 | D:3      | Noticed Ijyb
  1937 | D:3      | Reached skill level 5 in Fighting
  1940 | D:3      | Reached skill level 5 in Armour
  1958 | D:3      | Killed Ijyb
  3358 | D:5      | Entered Level 5 of the Dungeon
  3493 | D:5      | Reached XP level 7. HP: 39/56 MP: 7/7
  3969 | D:5      | Found a sparkling altar of Nemelex Xobeh.
  4032 | D:5      | Reached *** piety under Qazlal
  4114 | D:5      | Reached skill level 6 in Fighting
  4383 | D:5      | Found a runed translucent gate.
  4384 | D:5      | Found a runed translucent gate.
  4385 | D:5      | Noticed zkyp's ghost (novice OgCA)
  4386 | D:5      | Found a runed translucent gate.
  4661 | D:2      | Bought a +2 vorpal hand axe for 198 gold pieces
  4827 | D:6      | Reached skill level 5 in Axes
  4827 | D:6      | Reached XP level 8. HP: 47/64 MP: 8/8
  5187 | D:6      | Found a white marble altar of Elyvilon.
  5207 | D:6      | Found Kibbalie's Distillery.
  5373 | D:6      | Found a staircase to the Ecumenical Temple.
  5588 | D:6      | Found a burning altar of Makhleb.
  5589 | D:6      | Noticed Edmund
  5600 | D:6      | Reached skill level 7 in Fighting
  5603 | D:6      | Killed Edmund
  5738 | D:6      | Found an iron altar of Okawaru.
  5899 | D:6      | Reached XP level 9. HP: 63/72 MP: 9/9
  5992 | D:6      | Identified the +2 scale mail "Raergh" {rElec Str+7}
  6187 | D:6      | Bought a potion of degeneration for 10 gold pieces
  6187 | D:6      | Bought a potion of heal wounds for 50 gold pieces
  6632 | D:7      | Found a glowing silver altar of Zin.
  6789 | D:7      | Reached skill level 8 in Fighting
  7726 | D:8      | Noticed a komodo dragon
  7731 | D:8      | Killed a komodo dragon
  7822 | D:8      | Noticed a komodo dragon
  7836 | D:8      | Killed a komodo dragon
  7837 | D:8      | Reached skill level 9 in Fighting
  7837 | D:8      | Reached XP level 10. HP: 67/83 MP: 10/10
  7940 | D:8      | Noticed a komodo dragon
  7943 | D:8      | Found a staircase to the Lair.
  7953 | D:8      | Killed a komodo dragon
  8357 | D:8      | Identified the -2 cloak "Awecoqipt" {Harm Int-5 Dex+4}
  8393 | D:8      | Found a shadowy altar of Dithmenos.
  8574 | D:8      | Found a radiant altar of Vehumet.
  8773 | D:9      | Reached skill level 10 in Fighting
  8810 | D:9      | Noticed a two-headed ogre
  8822 | D:9      | Killed a two-headed ogre
  8823 | D:9      | Reached skill level 10 in Armour
  9134 | D:9      | Found a bloodstained altar of Trog.
  9148 | D:9      | Reached **** piety under Qazlal
  9345 | D:9      | Reached XP level 11. HP: 80/92 MP: 11/11
  9660 | D:9      | Noticed a green ugly thing
  9662 | D:9      | Noticed a purple ugly thing
  9662 | D:9      | Noticed a cyan ugly thing
  9663 | D:9      | Noticed a centaur warrior
  9664 | D:9      | Noticed a seven-headed hydra
  9669 | D:9      | Noticed a brown ugly thing
  9671 | D:9      | Noticed a cyclops
  9674 | D:9      | Killed a cyan ugly thing
  9675 | D:9      | Reached skill level 11 in Fighting
  9675 | D:9      | HP: 1/93 [eight-headed hydra (13)]
  9676 | D:9      | Mangled by an eight-headed hydra

Illustrated notes

Levels and vault maps discovered:
D:1:      dpeg_arrival_fog, layout_rooms, ebering_ecumenical_altar_webs,
          kennysheep_nondescript
D:2:      layout_rooms, serial_shops, nicolae_shop_hallway_stairs
D:3:      kb_forest_paths, layout_basic, uniq_ijyb
D:4:      layout_layer_cave, nicolae_qazlal_general_emergency,
          lemuel_crystal_altar, minmay_misc_feat_hallway
D:5:      layout_cave_pools, nemelex_spade_bored_becter,
          gammafunk_ghost_necromancy
D:6:      layout_loops_ring, mainiacjoe_overflow_boulevard, bloody_makhleb,
          mainiacjoe_overflow_brackets, minmay_temple_entry_junction,
          serial_shops, nicolae_inconvenience_store, uniq_edmund
D:7:      layout_basic, mainiacjoe_overflow_six_doors_small
D:8:      layout_basic, mainiacjoe_overflow_paths,
          grunt_dithmenos_smoke_and_mirrors, erik_lair_dragon,
          chequers_mini_garden, minivault_1
D:9:      minmay_the_grid_triangle_9x9_rhombus_thin_mashed
          [minmay_the_grid_triangle_9x9_dagger,
          minmay_the_grid_triangle_9x9_prize_insulated,
          minmay_the_grid_triangle_9x9_windchime,
          minmay_the_grid_triangle_9x9_longest], layout_gridville,
          trog_butcher_becter, serial_shops, nicolae_shop_waterfront

Skill      XL: |  1  2  3  4  5  6  7  8  9 10 11 |
---------------+----------------------------------+-----
Fighting       | 4 5 6 7 9 10 11 | 11.0
Axes           | 3 4 5 6 7 9 |  9.8
Armour         | 4 5 6 7 9 10 | 10.9
Shields        | |  4.0

Action                   |  1- 3 |  4- 6 |  7- 9 | 10-12 || total
-------------------------+-------+-------+-------+-------++-------
Melee: War axe           |    87 |   135 |    29 |       ||   251
       Hand axe          |       |       |   130 |       ||   130
       Battleaxe         |       |       |    25 |   107 ||   132
 Abil: Dig               |       |       |       |     1 ||     1
Evoke: Wand              |       |       |     6 |       ||     6
  Use: Potion            |       |     2 |       |       ||     2
       Scroll            |       |       |    15 |     4 ||    19
Armor: Scale mail        |    55 |     3 |    20 |    36 ||   114
       Robe              |       |    35 |    29 |       ||    64
Dodge: Dodged            |    36 |    53 |    77 |    41 ||   207
Block: Buckler           |    27 |    51 |    62 |    51 ||   191
